 Dungeon Crawl Stone Soup version 0.31-a0-819-gf6de2f5ab6 (webtiles) character file.

Game seed: 12759522636005799215

661 qw the Shooter (level 7, -1/44 HPs)
             Began as a Gargoyle Hunter on Sept 23, 2023.
             Was an Initiate of Okawaru.
             Slain by Duvessa
             ... wielding a +0 short sword
              (12 damage)
             ... on level 5 of the Dungeon.
             The game lasted 00:01:24 (3401 turns).

qw the Shooter (Gargoyle Hunter)                    Turns: 3401, Time: 00:01:25

Health: -1/44      AC: 11    Str: 14    XL:     7   Next: 56%
Magic:  7/7        EV: 10    Int: 10    God:    Okawaru [......]
Gold:   113        SH:  0    Dex: 15    Spells: 6/6 levels left

rFire   . . .        Y - +2 shortbow
rCold   . . .        (shield currently unavailable)
rNeg    + . .        i - +0 ring mail
rPois   inf          (no helmet)
rElec   +            (no cloak)
rCorr   .            (no gloves)
SInv    +            g - +0 pair of boots
Will    .....        (no amulet)
Stlth   +            b - ring of see invisible
HPRegen 0.27/turn    (no ring)
MPRegen 0.10/turn

%: no passive effects
@: no status effects
A: sickness immunity, AC +4, negative energy resistance 1, electricity
resistance, torment resistance 1, petrification resistance
a: Renounce Religion


You were on level 5 of the Dungeon.
You worshipped Okawaru.
Okawaru was noncommittal.
You visited 2 branches of the dungeon, and saw 6 of its levels.

You collected 212 gold pieces.
You spent 99 gold pieces at shops.


Innate Abilities, Weirdness & Mutations

You are immune to sickness and miasma.
Your stone body is resilient. (AC +4)
You are immune to poison.
You resist negative energy. (rN+)
You are resistant to electric shocks. (rElec)
You are resistant to unholy torment.
You are immune to petrification.


   Skills:
 - Level 5.2 Fighting
 + Level 7.7 Ranged Weapons
 - Level 1.2 Armour
 - Level 1.5 Dodging
 - Level 1.1 Stealth


You had 6 spell levels left.
You didn't know any spells.
Your spell library was empty.

Inventory:

Hand Weapons
 Y - a +2 shortbow (weapon)
Armour
 g - a +0 pair of boots (worn)
 i - a +0 ring mail (worn)
 j - a scarf of repulsion
Jewellery
 b - a ring of see invisible (left hand)
Scrolls
 h - a scroll of identify
Potions
 a - a potion of resistance
 c - 2 potions of might
 d - a potion of brilliance {unknown}
 e - a potion of mutation {unknown}
 f - 4 potions of curing
 l - a potion of haste {unknown}

Dungeon Overview and Level Annotations

Branches:
Dungeon (5/15)             Temple (1/1) D:5

Altars:
Ashenzari
Cheibriados
Dithmenos
Elyvilon
Fedhas
Gozag
Hepliaklqana
Kikubaaqudgha
Makhleb
Nemelex Xobeh
Okawaru
Qazlal
Ru
Sif Muna
Trog
Uskayaw
Vehumet
Wu Jian
Xom
Yredelemnul
Zin
The Shining One

Shops:
D:3 (   D:4 !

Annotations:
D:4 1 runed translucent door, Crazy Yiuf
D:5 Duvessa


Message History

Duvessa hits you but does no damage.
You shoot an arrow.
The arrow hits Duvessa but does no damage.
Duvessa is lightly wounded.
Duvessa hits you but does no damage. Duvessa barely misses you.
You shoot an arrow. The arrow closely misses Duvessa.
Duvessa hits you with a +0 short sword.
You shoot an arrow. The arrow barely misses Duvessa.
Duvessa hits you with a +0 short sword! Duvessa hits you with a +0 short sword.
You shoot an arrow. The arrow barely misses Duvessa.
Duvessa hits you with a +0 short sword. Duvessa hits you but does no damage.
You shoot an arrow. The arrow hits Duvessa.
Duvessa is lightly wounded.
Duvessa misses you.
You shoot an arrow. The arrow completely misses Duvessa.
Duvessa hits you with a +0 short sword! Duvessa hits you with a +0 short sword.
You shoot an arrow.
The arrow hits Duvessa but does no damage.
Duvessa is lightly wounded.
Duvessa barely misses you. Duvessa misses you.
You shoot an arrow.
The arrow hits Duvessa but does no damage.
Duvessa is lightly wounded.
Duvessa hits you with a +0 short sword.
You shoot an arrow. The arrow hits Duvessa.
Duvessa is moderately wounded.
Duvessa hits you with a +0 short sword. x2
3398 ||| DRINKING potion of heal wounds.
You feel much better. Duvessa hits you with a +0 short sword.
Duvessa barely misses you.
You shoot an arrow. The arrow hits Duvessa.
Duvessa is moderately wounded.
Duvessa hits you with a +0 short sword.
You shoot an arrow. The arrow barely misses Duvessa.
Duvessa completely misses you. Duvessa hits you with a +0 short sword!
You shoot an arrow.
The arrow hits Duvessa but does no damage.
Duvessa is moderately wounded.
Duvessa hits you with a +0 short sword. Duvessa hits you with a +0 short sword!
You die...

#........# . .......#
#........####.. ......)#
#.........).e.. .......#
#.............. .......#
#..............
.......####..............
.................#+####+#
.)%).....)......e#
.).)............@#
#'#####..........#
#.....#..........#
#.....#..........#
#.....#..........#
#.....#####).....#
#.....# #......# #####'##
#......#
'......#..#......#


You could see Duvessa (berserk).

Vanquished Creatures
  Sigmund (D:4)
  An ogre (D:4)
  A scorpion (D:5)
  Dowan (D:5)
  An orc priest (D:3)
  Natasha (thrice) (D:4 D:3)
  Ijyb (D:5)
  2 orc wizards (D:5)
  5 adders
  5 dart slugs
  2 worms
  10 orcs
  5 endoplasms
  6 goblins
  7 hobgoblins
  5 jackals (D:2)
  2 quokkas
  3 ball pythons (D:2)
  4 bats (D:1)
  4 frilled lizards
  5 kobolds
  5 rats
79 creatures vanquished.

Notes
Turn   | Place    | Note
-------+----------+-------------------------------------------
     0 | D:1      | qw the Gargoyle Hunter began the quest for the Orb.
     0 | D:1      | Reached XP level 1. HP: 12/12 MP: 1/1
     0 | D:1      | 0 ||| qw: Version: 0.3-a-83-gcd0e7d8
     0 | D:1      | 0 ||| qw: Game counter: 1458
     0 | D:1      | 0 ||| qw: Melee chars always use a shield: true
     0 | D:1      | 0 ||| qw: God list: Okawaru
     0 | D:1      | 0 ||| qw: Allow faded altars: false
     0 | D:1      | 0 ||| qw: Do Orc after clearing Dungeon:15 true
     0 | D:1      | 0 ||| qw: Do second Lair branch before Depths: true
     0 | D:1      | 0 ||| qw: Lair rune preference: random
     0 | D:1      | 0 ||| qw: Goals: Normal
     0 | D:1      | 0 ||| PLANNING D:1-11
   185 | D:1      | Reached XP level 2. HP: 17/17 MP: 2/2
   385 | D:1      | Reached XP level 3. HP: 21/21 MP: 3/3
   400 | D:1      | Found a faded altar of an unknown god.
   431 | D:1      | Reached skill level 5 in Ranged Weapons
   818 | D:1      | 818 ||| DROPPING +6 ring of intelligence.
   819 | D:1      | 819 ||| READING scroll labelled ANGUTIR BICSA.
   823 | D:1      | 823 ||| READING scroll labelled JAQORU FAGULAK.
   924 | D:1      | 924 ||| DROPPING scroll of butterflies.
   962 | D:2      | Found a shimmering altar of Xom.
  1588 | D:2      | 1588 ||| UPGRADING to +0 ring mail.
  1598 | D:2      | 1598 ||| DROPPING +0 leather armour.
  1599 | D:2      | 1599 ||| READING scroll labelled FER XORCHOISE.
  1600 | D:2      | 1600 ||| READING scroll labelled HINUTZ TONIKI.
  1601 | D:2      | 1601 ||| READING scroll labelled WINNECR NATWEU.
  1602 | D:2      | 1602 ||| READING scroll labelled INUOMNEOWESH.
  1603 | D:2      | 1603 ||| DRINKING 2 lumpy golden potions.
  1648 | D:3      | Found a radiant altar of Vehumet.
  1661 | D:3      | Reached skill level 1 in Armour
  1661 | D:3      | Reached XP level 4. HP: 25/27 MP: 4/4
  1665 | D:3      | Reached skill level 3 in Fighting
  1721 | D:3      | 1721 ||| READING scroll of enchant weapon.
  1721 | D:3      | 1721 ||| ENCHANTING +1 shortbow.
  1917 | D:3      | Reached XP level 5. HP: 32/32 MP: 5/5
  2018 | D:3      | Found Xufroh Qidgh's Antique Weapon Emporium.
  2026 | D:3      | 2026 ||| SHOPLISTING jewelled sling (162 gold, have 133).
  2211 | D:3      | 2211 ||| UPGRADING to +0 pair of boots.
  2216 | D:3      | 2216 ||| UPGRADING to ring of see invisible.
  2257 | D:4      | Noticed Natasha
  2262 | D:4      | Killed Natasha
  2346 | D:4      | Noticed Natasha
  2349 | D:4      | 2349 ||| FLEEEEING.
  2350 | D:4      | 2350 ||| FLEEEEING.
  2351 | D:4      | 2351 ||| FLEEEEING.
  2352 | D:4      | 2352 ||| FLEEEEING.
  2353 | D:4      | Killed Natasha
  2354 | D:4      | Reached skill level 6 in Ranged Weapons
  2357 | D:4      | Noticed Natasha
  2358 | D:4      | 2358 ||| FLEEEEING.
  2359 | D:4      | 2359 ||| FLEEEEING.
  2361 | D:4      | 2361 ||| STAIRDANCE
  2390 | D:4      | 2390 ||| STAIRDANCE
  2392 | D:3      | Killed Natasha
  2476 | D:4      | Found Gumieps's Distillery.
  2495 | D:4      | 2495 ||| SHOPLISTING 2 potions of haste (220 gold, have
                  | 178).
  2495 | D:4      | 2495 ||| BUYING potion of heal wounds (55 gold).
  2495 | D:4      | Bought a potion of heal wounds for 55 gold pieces
  2495 | D:4      | 2495 ||| BUYING potion of might (44 gold).
  2495 | D:4      | Bought a potion of might for 44 gold pieces
  2516 | D:4      | Noticed Sigmund
  2525 | D:4      | Killed Sigmund
  2526 | D:4      | Reached XP level 6. HP: 28/40 MP: 6/6
  2735 | D:4      | Reached XP level 7. HP: 44/44 MP: 7/7
  2771 | D:4      | Found a runed translucent door.
  2772 | D:4      | Noticed Crazy Yiuf
  2863 | D:4      | 2863 ||| DRINKING 2 bubbling ruby potions.
  2864 | D:4      | 2864 ||| DRINKING 3 black potions.
  2865 | D:4      | 2865 ||| DROPPING 2 potions of attraction.
  2890 | D:5      | Entered Level 5 of the Dungeon
  2892 | D:5      | 2892 ||| STAIRDANCE
  2943 | D:5      | 2943 ||| STAIRDANCE
  3016 | D:5      | Reached skill level 7 in Ranged Weapons
  3037 | D:5      | Found a staircase to the Ecumenical Temple.
  3038 | D:5      | 3038 ||| PLANNING TEMPLE
  3049 | Temple   | Entered the Ecumenical Temple
  3050 | Temple   | 3050 ||| PLANNING OKAWARU WORSHIP
  3066 | Temple   | Became a worshipper of Warmaster Okawaru
  3067 | Temple   | 3067 ||| PLANNING D:1-11
  3164 | D:5      | HP: 11/44 [orc/+0 mace (3)]
  3165 | D:5      | 3165 ||| READING scroll of teleportation.
  3166 | D:5      | 3166 ||| DRINKING 2 potions of heal wounds.
  3290 | D:5      | Noticed Ijyb
  3298 | D:5      | Paralysed by Ijyb for 5 turns
  3309 | D:5      | Paralysed by Ijyb for 3 turns
  3314 | D:5      | Paralysed by Ijyb for 3 turns
  3320 | D:5      | Killed Ijyb
  3356 | D:5      | Noticed Dowan
  3359 | D:5      | 3359 ||| FLEEEEING.
  3360 | D:5      | 3360 ||| FLEEEEING.
  3362 | D:5      | 3362 ||| FLEEEEING.
  3363 | D:5      | 3363 ||| FLEEEEING.
  3364 | D:5      | 3364 ||| FLEEEEING.
  3365 | D:5      | 3365 ||| FLEEEEING.
  3366 | D:5      | 3366 ||| FLEEEEING.
  3367 | D:5      | 3367 ||| FLEEEEING.
  3376 | D:5      | Killed Dowan
  3386 | D:5      | Noticed Duvessa
  3397 | D:5      | HP: 6/44 [Duvessa/+0 short sword (6)]
  3398 | D:5      | 3398 ||| DRINKING potion of heal wounds.
  3401 | D:5      | Slain by Duvessa

Levels and vault maps discovered:
D:1:      dpeg_arrival_brainrot, layout_loops_ring,
          shapermc_ecumenical_altar_flowoftime
D:2:      layout_basic, basic_altar, nicolae_concentric_dashed_squares_wild
D:3:      layout_loops_ring, vehumet_crystals, serial_shops,
          nicolae_shop_dealshenge
D:4:      layout_cave_pools, serial_shops, shop, uniq_sigmund, uniq_natasha,
          uniq_crazy_yiuf_cottage
D:5:      layout_gridville, minmay_temple_entry_mini_moons, uniq_duvessa,
          uniq_ijyb
Temple:   mainiacjoe_temple_archimedes_tessellation

Skill      XL: |  1  2  3  4  5  6  7 |
---------------+----------------------+-----
Ranged Weapons | 5 6 7 |  7.7
Armour         | 1 |  1.2
Fighting       | 3 5 |  5.2
Dodging        | |  1.5
Stealth        | |  1.1

Action                     |  1- 3 |  4- 6 |  7- 9 || total
---------------------------+-------+-------+-------++-------
   Fire: Shortbow          |   128 |    82 |   100 ||   310
    Use: Scroll            |     6 |     1 |     1 ||     8
         Potion            |     1 |       |     4 ||     5
 Armour: Leather armour    |    24 |       |       ||    24
         Ring mail         |     6 |    24 |    87 ||   117
  Dodge: Dodged            |    30 |    14 |    56 ||   100

Table legend:
 A = Non-vault XP
 B = Vault XP
 C = Vault XP percentage of total XP
 D = Non-vault monster count
 E = Vault monster count
 F = Vault count percentage of total count
                 A         B        C        D         E       F
            +---------+---------+-------+---------+---------+-------
      Total |     585 |     360 |  38.1 |      74 |       5 |   6.3
            +---------+---------+-------+---------+---------+-------
        D:1 |      43 |       4 |   8.5 |      25 |       1 |   3.8
        D:2 |      20 |       0 |   0.0 |      10 |       0 |   0.0
        D:3 |     140 |       0 |   0.0 |      20 |       0 |   0.0
        D:4 |     165 |     251 |  60.3 |       7 |       2 |  22.2
        D:5 |     217 |     105 |  32.6 |      12 |       2 |  14.3
            +---------+---------+-------+---------+---------+-------
